 Dungeon Crawl Stone Soup version 0.31-a0-455-g1a7b003ef0 (webtiles) character file.

Game seed: 13707271006062734896

389 kae the Changeling (level 6, -1/47 HPs)
             Began as a Draconian Shapeshifter on Aug 3, 2023.
             Slain by Pikel
             ... wielding a +2 whip of flaming
              (5 damage)
             ... on level 4 of the Dungeon.
             The game lasted 00:01:32 (2778 turns).

kae the Changeling (Draconian Shapeshifter)         Turns: 2778, Time: 00:01:33

Health: -1/47      AC: 10    Str: 17    XL:     6   Next: 50%
Magic:  6/6        EV: 12    Int:  8    God:
Gold:   199        SH:  0    Dex: 14    Spells: 5/5 levels left

rFire   . .          .
                       - Unarmed
rCold   . . .        (no shield)
rNeg    . . .        (body armour unavailable)
rPois   .            (helmet currently unavailable)
rElec   .            (cloak currently unavailable)
rCorr   .            (gloves currently unavailable)
SInv    .            (boots currently unavailable)
Will    .....        (no amulet)
Stlth   +            O - +4 ring of protection
HPRegen 0.27/turn    (no ring)
MPRegen 0.10/turn

%: no passive effects
@: beast-form
A: beast (slay +3), AC +6, unfitting armour, cold-blooded
a: Begin Untransformation


You were on level 4 of the Dungeon.
You were a hulking beast.
You visited 1 branch of the dungeon, and saw 4 of its levels.

You collected 199 gold pieces.


Innate Abilities, Weirdness & Mutations

You are a hulking beast.
Your limbs bulge with bestial killing power. (Slay +3)
Your plain brown scales are hard. (AC +6)
You cannot fit into any form of body armour.
You are cold-blooded and may be slowed by cold attacks.


   Skills:
 - Level 1.1 Fighting
 - Level 1.7 Dodging
 + Level 4.9 Unarmed Combat
 * Level 5.5 Shapeshifting


You had 5 spell levels left.
You didn't know any spells.
Your spell library contained the following spells:

 Spells                   Type           Power      Damage    Failure   Level
 Slow                     Hex            0%         N/A       41%         1
 Call Canine Familiar     Summ           0%         N/A       78%         3
 Confusing Touch          Hex            0%         N/A       78%         3
 Portal Projectile        Hex/Tloc       0%         N/A       78%         3
 Stone Arrow              Conj/Erth      0%         3d7       78%         3
 Vampiric Draining        Necr           0%         2d6       78%         3
 Leda's Liquefaction      Hex/Erth       0%         N/A       99%         4
 Lehudib's Crystal Spear  Conj/Erth      0%         10d2      100%        8
 Animate Armour           Summ/Erth      Unusable   N/A       N/A         4

Inventory:

Missiles
 g - 28 stones
 h - 6 boomerangs
 m - 6 poisoned darts
Jewellery
 O - a +4 ring of protection (left hand)
   (You found it on level 1 of the Dungeon)
Talismans
 b - a beast talisman (active)
Scrolls
 c - a scroll of noise {unknown}
 d - a scroll of enchant armour {unknown}
 e - a scroll of torment {unknown}
 f - 2 scrolls of identify {unknown}
 k - 3 scrolls of teleportation {unknown}
 l - a scroll of fear {unknown}
Potions
 a - 2 potions of lignification {!q}
 i - a potion of curing {unknown}
 j - a potion of ambrosia {unknown}
 n - 2 potions of haste {unknown}
 o - a potion of brilliance {unknown}

Dungeon Overview and Level Annotations

Branches:
Dungeon (4/15) Zot: 21230
 Temple: D:4-7

Altars:
Dithmenos
Fedhas
Trog
Yredelemnul

Annotations:
D:3 3 runed translucent doors, TobyConnect's ghost, amateur DsSh
D:4 Pikel

..............##.#.##.##
.####...########.#.##.##
#...# #.†....## #.#.#
#.....### #...#
#........ #...#
#...#.##. #...#
#...#.##. ###.#
##.≈≈§≈≈. #h# #.≈####'
#K# #.##≈≈≈. #5#
#.#⌠≈... #5# ####§.._
.5o #⌠≈... .{# ##≈≈≈§
... ###⌠# .... ###


You could see Pikel, 3 lemures and an orc.


Message History

You hit the lemure. You tail-slap the lemure.
The lemure hits you but does no damage. 😕 HP[-7]
You take 7 damage, and now have 40/47 hp.
There are monsters nearby!
You hit the lemure but do no damage. The lemure hits you but does no damage.
You hit the lemure. The lemure closely misses you. 😕 HP[+1]
You hit the lemure.
Your tail-slap misses the lemure.
Pikel, Merchant of Souls comes into view.
He is wielding a +2 whip of flaming.
The lemure barely misses you.
You barely miss the lemure.
Pikel shouts!
You hear a shout! x3
The lemure hits you. 😕 HP[-2]
You take 2 damage, and now have 39/47 hp.
You closely miss the lemure. You tail-slap the lemure.
You kill the lemure!
That felt strangely unrewarding.
You hit the lemure but do no damage.
Your tail-slap misses the lemure.
The lemure barely misses you. 😕 HP[+1]
You hit the lemure.
You tail-slap the lemure, but do no damage.
The lemure barely misses you.
You hit the lemure. You completely miss the lemure.
The lemure hits you but does no damage. 😕 HP[+1]
You punch the lemure!
Your tail-slap misses the lemure.
The lemure hits you. 😕 HP[-5]
You take 5 damage, and now have 36/47 hp.
You hit the lemure. You hit Pikel. You hit Pikel but do no damage.
Your tail-slap misses Pikel.
Pikel closely misses you. 😕 HP[+1]
You closely miss Pikel.
Pikel hits you with a +2 whip of flaming.
Pikel burns you.
You are too injured to fight recklessly!
You punch Pikel! Pikel barely misses you.
A lemure comes into view. 😮 HP[-7]
You take 7 damage, and now have 30/47 hp.
The lemure shouts!
You hit Pikel. Pikel barely misses you.
You are too injured to fight recklessly!
You are too injured to fight recklessly!
You barely miss Pikel. Your punch misses Pikel.
Pikel barely misses you. 😮 HP[+1] Unknown command.
You closely miss Pikel. You punch Pikel.
An orc comes into view. It is wielding a +0 flail.
Pikel hits you with a +2 whip of flaming.
Pikel burns you. 😮 HP[-5]
You take 5 damage, and now have 26/47 hp.
The orc shouts!
You hit Pikel.
Your tail-slap misses Pikel.
Unknown command.
You barely miss Pikel.
Pikel hits you with a +2 whip of flaming.
Pikel burns you.
* * * LOW HITPOINT WARNING * * *
😨 HP[-3]
You take 3 damage, and now have 23/47 hp.
Unknown command.
You hit Pikel.
Pikel hits you with a +2 whip of flaming!
* * * LOW HITPOINT WARNING * * *
Pikel burns you.
* * * LOW HITPOINT WARNING * * *
An orc wizard comes into view. It is wielding a +0 dagger.
Unknown command. 😨 HP[-9]
You take 9 damage, and now have 14/47 hp.
You barely miss Pikel. Pikel hits you but does no damage.
You punch Pikel!
Pikel hits you with a +2 whip of flaming!
* * * LOW HITPOINT WARNING * * *
Pikel burns you.
* * * LOW HITPOINT WARNING * * *
The orc wizard casts a spell.
The orc wizard flickers and vanishes!
Deactivating autopickup; reactivate with Ctrl-A.
Unknown command. 😱 HP[-8]
You take 8 damage, and now have 6/47 hp.
You barely miss Pikel. You tail-slap Pikel.
Pikel hits you with a +2 whip of flaming.
* * * LOW HITPOINT WARNING * * *
Pikel burns you.
* * * LOW HITPOINT WARNING * * *
😱 HP[-3]
You take 3 damage, and now have 3/47 hp.
Unknown command.
You hit Pikel but do no damage. You tail-slap Pikel.
Pikel says, "You'll feel the lick of my whip!"
Pikel hits you with a +2 whip of flaming.
You die...

Skill      XL: |  1  2  3  4  5 |
---------------+----------------+-----
Shapeshifting  | 4 5 |  5.5
Unarmed Combat | 4 |  4.9
Fighting       | |  1.1
Dodging        | |  1.7

Action                     |  1- 3 |  4- 6 || total
---------------------------+-------+-------++-------
  Melee: Unarmed           |    77 |   126 ||   203
         Tailslap          |     5 |    18 ||    23
         Punch             |     1 |     3 ||     4
   Stab: Sleeping          |     2 |     3 ||     5
 Armour: Skin              |    21 |    42 ||    63
  Dodge: Dodged            |    40 |    70 ||   110

Levels and vault maps discovered:
D:1:      dpeg_arrival_boxes_within_box, layout_rooms, minmay_vboxes
D:2:      layout_rooms, minivault_14, uniq_natasha
D:3:      layout_loops_cross, mainiacjoe_overflow_tiny_flanked, fedhas_altar_4,
          nicolae_yredelemnul_ghost_church
D:4:      layout_loops_cross, lightli_temple_of_fire, uniq_pikel

Notes
Turn   | Place    | Note
-------+----------+-------------------------------------------
     0 | D:1      | kae the Draconian Shapeshifter began the quest for the Orb.
     0 | D:1      | Reached XP level 1. HP: 16/16 MP: 1/1
     0 | D:1      | magus.rc [v1.11.3]
   115 | D:1      | Reached XP level 2. HP: 23/23 MP: 2/2
   325 | D:1      | Reached XP level 3. HP: 28/28 MP: 3/3
   759 | D:2      | Noticed Natasha
   767 | D:2      | Killed Natasha
   768 | D:2      | Reached skill level 4 in Shapeshifting
   768 | D:2      | Reached XP level 4. HP: 26/35 MP: 4/4
  1166 | D:2      | You pick up a book of Armaments and begin reading...
  1166 | D:2      | You add the spells Stone Arrow and Lehudib's Crystal Spear
                  | to your library.
  1316 | D:2      | Noticed Natasha
  1321 | D:2      | Killed Natasha
  1322 | D:2      | Reached skill level 4 in Unarmed Combat
  1382 | D:2      | Noticed Natasha
  1390 | D:2      | Killed Natasha
  1391 | D:2      | Reached XP level 5. HP: 40/40 MP: 5/5
  1576 | D:3      | Found a shadowy altar of Dithmenos.
  1600 | D:3      | You pick up a book of the Hunter and begin reading...
  1600 | D:3      | You add the spells Call Canine Familiar, Portal Projectile
                  | and Leda's Liquefaction to your library.
  1665 | D:3      | You pick up a book of Debilitation and begin reading...
  1665 | D:3      | You add the spells Slow, Vampiric Draining and Confusing
                  | Touch to your library.
  1812 | D:3      | Found a runed translucent gate.
  1812 | D:3      | Found a runed translucent gate.
  1812 | D:3      | Found a runed translucent gate.
  1812 | D:3      | Noticed TobyConnect's ghost (amateur DsSh)
  1814 | D:3      | Found a basalt altar of Yredelemnul.
  1867 | D:3      | Found a blossoming altar of Fedhas.
  1911 | D:3      | Noticed an ice beast
  1923 | D:3      | Killed an ice beast
  1924 | D:3      | Reached skill level 5 in Shapeshifting
  1924 | D:3      | Reached XP level 6. HP: 39/47 MP: 6/6
  2305 | D:4      | HP: 11/47 [poisoned by a scorpion]
  2309 | D:4      | HP: 5/47 [poisoned by a scorpion]
  2313 | D:4      | HP: 2/47 [poisoned by a scorpion]
  2620 | D:4      | Found a bloodstained altar of Trog.
  2756 | D:4      | Noticed Pikel
  2776 | D:4      | HP: 7/47 [Pikel/+2 whip of flaming (7)]
  2777 | D:4      | HP: 3/47 [Pikel/+2 whip of flaming (1)]
  2778 | D:4      | Slain by Pikel

Vanquished Creatures
  An ice beast (D:3)
  A lemure (D:4)
  A scorpion (D:4)
  Natasha (thrice) (D:2)
  A scorpion zombie (D:3)
  An iguana (D:3)
  A gnoll (D:1)
  5 adders
  A dart slug (D:2)
  An orc (D:4)
  10 ball pythons
  5 bats
  6 endoplasms
  5 giant cockroaches
  7 goblins
  2 hobgoblins (D:1)
  4 quokkas
  A ball python zombie (D:3)
  A frilled lizard (D:1)
  5 kobolds
  5 rats
67 creatures vanquished.

Table legend:
 A = Non-vault XP
 B = Vault XP
 C = Vault XP percentage of total XP
 D = Non-vault monster count
 E = Vault monster count
 F = Vault count percentage of total count
                 A         B        C        D         E       F
            +---------+---------+-------+---------+---------+-------
      Total |     476 |      81 |  14.5 |      59 |       7 |  10.6
            +---------+---------+-------+---------+---------+-------
        D:1 |      47 |       7 |  13.0 |      22 |       4 |  15.4
        D:2 |     127 |      37 |  22.6 |      21 |       1 |   4.5
        D:3 |     199 |      37 |  15.7 |       9 |       2 |  18.2
        D:4 |     103 |       0 |   0.0 |       7 |       0 |   0.0
            +---------+---------+-------+---------+---------+-------

Skill      XL: |  1  2  3  4  5 |
---------------+----------------+-----
Shapeshifting  | 4 5 |  5.5
Unarmed Combat | 4 |  4.9
Fighting       | |  1.1
Dodging        | |  1.7

Action                     |  1- 3 |  4- 6 || total
---------------------------+-------+-------++-------
  Melee: Unarmed           |    77 |   126 ||   203
         Tailslap          |     5 |    18 ||    23
         Punch             |     1 |     3 ||     4
   Stab: Sleeping          |     2 |     3 ||     5
 Armour: Skin              |    21 |    42 ||    63
  Dodge: Dodged            |    40 |    70 ||   110

Illustrated notes

Table legend:
 A = Kills in this place as a percentage of kills in the entire game.
 B = Kills by you in this place as a percentage of kills by you in the entire game.
 C = Kills by friends in this place as a percentage of kills by friends in the entire game.
 D = Other kills in this place as a percentage of other kills in the entire game.
 E = Experience gained in this place as a percentage of experience gained in the entire game.
 F = Experience gained in this place divided by the number of levels of this place that you have seen.
                   A       B       C       D       E      F
               +-------+-------+-------+-------+-------+----------------------
         Total | 100.0 | 100.0 |   N/A |   N/A | 100.0 | 139.2
       Dungeon | 100.0 | 100.0 |   N/A |   N/A | 100.0 | 139.2
               +-------+-------+-------+-------+-------+----------------------

Table legend: (Time is in decaauts)
 A = Elapsed time spent in this place.
 B = Non-inter-level travel time spent in this place.
 C = Inter-level travel time spent in this place.
 D = Time resting spent in this place.
 E = Time spent auto-exploring this place.
 F = Levels seen in this place.
 G = Mean time per level.
                   A        B        C        D        E       F      G
               +--------+--------+--------+--------+--------+-----+--------+
         Total |   2768 |   2706 |     62 |    369 |   1903 |   4 |  692.0 |
       Dungeon |   2768 |   2706 |     62 |    369 |   1903 |   4 |  692.0 |
               +--------+--------+--------+--------+--------+-----+--------+

Top non-repeatable levels by time:
     D:3: 867 daAuts
     D:2: 732 daAuts
     D:1: 673 daAuts
     D:4: 495 daAuts
